AoeStats
← Lard

Arabia

506911732Analyzed
1v1 RM · 15d ago on Sep 15, 2026· 45m 49s· 2 players
Game mode
Random Map
Map size
Tiny (2 player)
Population
200
Speed
Normal
Resources
Standard
Victory
Conquest
Starting age
Dark Age
Ending age
Imperial Age
RankedLock teamsTeams togetherTeam positionsShared explorationLock speedFull tech treeHidden civsTurbo modeCheats
Victory
Defeat
🇬🇧 Maya · United Kingdom
993
+17
🇦🇷 Hindustanis · Argentina
1014
-17
Lard
0:30 Loom
10:09 Feudal Age
11:15 Double-Bit Axe
19:11 Castle Age
17:46 Gold Mining
18:13 Padded Archer Armor
18:39 Fletching
19:00 Horse Collar
19:19 Crossbowman
22:03 Bodkin Arrow
24:04 Town Watch
25:24 Eagle Warrior
28:09 Scale Mail Armor
29:21 Squires
31:43 Chain Mail Armor
33:15 Forging
34:07 Wheelbarrow
36:10 Iron Casting
36:17 Arson
37:22 Ballistics
40:11 Imperial Age
38:51 Leather Archer Armor
40:03 Heavy Plow
40:15 Bow Saw
40:29 Hand Cart
40:39 Stone Mining
40:37 Elite Eagle Warrior
41:46 Conscription
41:02 Capped Ram
42:50 Plate Mail Armor
43:20 Bracer
44:01 Stone Shaft Mining
44:30 Holcans
44:21 Masonry
45:07 Thumb Ring
GoGoGonza
7:33 Loom
9:56 Feudal Age
10:41 Double-Bit Axe
13:12 Horse Collar
15:14 Padded Archer Armor
15:07 Fletching
17:31 Padded Archer Armor
21:57 Wheelbarrow
23:53 Castle Age
25:51 Elite Skirmisher
27:07 Bow Saw
27:04 Bodkin Arrow
30:01 Bloodlines
29:52 Husbandry
30:15 Thumb Ring
30:45 Ballistics
30:42 Forging
30:39 Scale Barding Armor
30:55 Heavy Plow
31:42 Leather Archer Armor
32:55 Gold Mining
32:59 Stone Mining
39:19 Crossbowman
44:02 Imperial Age
43:48 Gold Shaft Mining
44:53 Chain Barding Armor
Connection lost

Rejoining the realm…

Still unreachable

The connection could not be restored.

Session expired

The server has moved on; the page needs a fresh start.